 Dungeon Crawl Stone Soup version 0.24-a0-639-gb70a11d811 (webtiles) character file.

Game seed: 399485886383378832, levelgen mode: deterministic

93362 Erlindor the Warrior (level 15, -24/105 HPs)
             Began as a Vampire Abyssal Knight on Sept 22, 2019.
             Was a High Priest of Lugonu.
             Killed from afar by Jorgrun (32 damage)
             ... with a blast of rock fragments
             ... on level 15 of the Dungeon on Sept 23, 2019.
             The game lasted 02:47:12 (42514 turns).

Erlindor the Warrior (Vampire Abyssal Knight)      Turns: 42514, Time: 02:47:12

Health: -24/105    AC: 23    Str: 13    XL:     15   Next: 60%
Magic:  10/21      EV: 25    Int: 16    God:    Lugonu [*****.]
Gold:   2036       SH: 14    Dex: 19    Spells: 14/14 levels left

rFire    . . .     SeeInvis +   L - +1 short sword (venom)
rCold    + + .     Gourm    .   y - +2 shield
rNeg     + + +     Faith    .   M - +7 chain mail of Resilience {rElec Dex+2}
rPois    ∞         Spirit   .   q - +2 hat
rElec    +         Reflect  .   G - +2 cloak
rCorr    .         Harm     .   F - +0 pair of gloves
MR       ++...                  w - +1 pair of boots {run}
Stlth    +.........             p - amulet of the acrobat
HPRegen  0.00/turn              C - ring of protection from magic
MPRegen  0.17/turn              K - +3 ring of slaying

@: acrobat, very slightly contaminated, bloodless, regenerating quickly, quick
A: no food, fangs 3, see invisible, unbreathing
a: Bat Form, Revivify, Depart the Abyss, Bend Space, Banish, Corrupt, Enter the
Abyss, Renounce Religion


You were on level 15 of the Dungeon.
You worshipped Lugonu.
Lugonu was extremely pleased with you.
You were bloodless.

You visited 3 branches of the dungeon, and saw 23 of its levels.
You visited the Abyss 1 time.

You collected 2582 gold pieces.
You spent 546 gold pieces at shops.

Inventory:

Hand Weapons
 L - a +1 short sword of venom (weapon)
Missiles
 c - 47 boomerangs (quivered)
 g - 3 throwing nets
 x - 62 poisoned darts
Armour
 a - a +0 ring mail of fire resistance
 q - a +2 hat (worn)
 w - a +1 pair of boots of running (worn)
 y - a +2 shield (worn)
 F - a +0 pair of gloves (worn)
 G - a +2 cloak (worn)
 M - the +7 chain mail of Resilience (worn) {rElec Dex+2}
   (You found it on level 6 of the Lair of Beasts)

   It affects your dexterity (+2).
   It insulates you from electricity.
 Y - the +1 robe "Nesuoji" {rF+ MR- Dex+6 Stlth+, unknown}
   (You found it on level 15 of the Dungeon)

   It affects your dexterity (+6).
   It protects you from fire.
   It affects your resistance to hostile enchantments.
   It makes you more stealthy.
 Z - +2 ice dragon scales
Jewellery
 m - an uncursed ring of resist corrosion
 p - an amulet of the acrobat (around neck)
 C - a ring of protection from magic (left hand)
 K - a +3 ring of slaying (right hand)
Wands
 l - a wand of iceblast (9)
 J - a wand of acid (2)
 N - a wand of flame (10)
 O - a wand of enslavement (11)
 S - a wand of paralysis (23)
 T - a wand of polymorph (8)
 V - a wand of digging (3)
Scrolls
 b - 6 scrolls of enchant armour
 d - 14 scrolls of remove curse
 e - 8 scrolls of amnesia
 h - 2 scrolls of vulnerability {unknown}
 k - 3 scrolls of magic mapping
 s - 2 scrolls of blinking
 t - 6 scrolls of teleportation
 u - 2 scrolls of immolation
 P - 2 scrolls of enchant weapon
 Q - 2 scrolls of brand weapon
 W - 2 scrolls of summoning {unknown}
Potions
 f - a potion of invisibility
 i - 6 potions of curing
 j - 3 potions of brilliance
 n - 5 potions of lignification
 o - 2 potions of berserk rage
 r - 2 potions of agility
 v - 3 potions of haste
 A - 5 potions of flight
 B - 3 potions of ambrosia
 E - 2 potions of might
 I - a potion of magic
 R - a potion of cancellation
Miscellaneous
 z - a fan of gales
 U - a lightning rod (4/4)
 X - a box of beasts


   Skills:
 * Level 16.3 Fighting
 - Level 12.0 Short Blades
 - Level 0.7 Armour
 - Level 11.0 Dodging
 + Level 11.3 Shields
 - Level 9.0 Invocations
 - Level 4.0 Evocations


You had 14 spell levels left.
You didn't know any spells.
Your spell library contained the following spells:

 Spells                   Type           Power        Failure   Level  Hunger
 Magic Dart               Conj           #...         100%        1    N/A
 Summon Butterflies       Summ           #.......     100%        1    N/A
 Blink                    Tloc           N/A          100%        2    N/A
 Call Imp                 Summ           #.......     100%        2    N/A
 Searing Ray              Conj           #.....       100%        2    N/A
 Slow                     Hex            #.......     100%        2    N/A
 Call Canine Familiar     Summ           #.......     100%        3    N/A
 Conjure Flame            Conj/Fire      #.......     100%        3    N/A
 Dazzling Spray           Conj/Hex       #.....       100%        3    N/A
 Mephitic Cloud           Conj/Pois/Air  #.......     100%        3    N/A
 Force Lance              Conj/Tloc      #.......     100%        4    N/A
 Fulminant Prism          Conj/Hex       #.........   100%        4    N/A
 Iskenderun's Mystic Bla  Conj           #.......     100%        4    N/A
 Summon Ice Beast         Ice/Summ       #.......     100%        4    N/A
 Summon Mana Viper        Hex/Summ       #.......     100%        5    N/A
 Summon Hydra             Summ           #.........   100%        7    N/A

Dungeon Overview and Level Annotations

Branches:
Dungeon (15/15)            Temple (0/1) D:6            Lair (6/6) D:10
  Swamp (0/4) Lair:3        Snake (0/4) Lair:4        Slime (0/5) Lair:6
    Orc (2/2) D:9             Elf (0/3) Orc:2        Vaults (0/5) D:13
 Depths: D:15

Altars:
Ashenzari
Fedhas
Gozag
Yredelemnul
The Shining One

Shops:
D:5 *   D:6 [!!(!   D:14 =   Orc:2 }[?!

Portals:
Pandemonium: Orc:2

Annotations:
D:7 1 runed translucent door, btv's ghost, novice HOFi
D:8 Gastronok
D:15 Jorgrun
Lair:3 4 runed translucent doors, Dyst's ghost, journeyman GrFi
Abyss:1 Psyche; Snorg; Urug


Innate Abilities, Weirdness & Mutations

You do not eat.
You do not regenerate when monsters are visible.
You are frail without blood (-20% HP).
You are immune to poison.
You have razor-sharp teeth.
You have supernaturally acute eyesight. (SInv)
You can survive without breathing.


Message History

The grasping roots constrict you.
Okay, then.
Unknown command.
As you read the scroll of fog, it crumbles to dust.
The scroll dissolves into smoke.
The roots lose their grip on you.
An orc comes into view. It is wielding a +0 flail.
You hear a grinding noise.
You block the orc's attack.
Okay, then.
Blink to where?
Press: ? - help, Dir - move target cursor You are very lightly contaminated with residual magic.
As you read the scroll of blinking, it crumbles to dust.
You hear a grinding noise.
You hear a grinding noise.
You hear a grinding noise.
Some rock shatters into small pieces.
Jorgrun points at you and mumbles some strange words.
The wall shatters!
The blast of rock fragments hits you!!
You die...

##################.#
......O.....O......#
##################.#
#....#.# # #.##.#.# .#
########.##.#.#.#
####.....##.##.#..##
............##.....#
.........#####@....#
##......# #.....#
#......# ......#
#......# g#<....#
#......###u##)...#####
#.###.............^!.(
#. #.#......#.#######
# #.#............#
#.#.# #.#......#.###.#


You could see Jorgrun and a red ugly thing.

Vanquished Creatures
  Erolcha (D:11)
  2 hydras
  8 vault guards (D:13)
  4 centaur warriors
  6 two-headed ogres
  An ogre mage (D:15)
  5 orc high priests (Orc:2)
  4 death yaks (Lair:6)
  A soul eater (Orc:2)
  A wizard (D:15)
  4 orc knights
  3 oklob plants
  15 ugly things
  5 cyclopes
  A deep elf mage (D:13)
  6 orc sorcerers
  A manticore (D:12)
  8 elephants
  4 black mambas (Lair:4)
  A centaur zombie (D:13)
  A torpor snail (Lair:2)
  A gargoyle (D:14)
  18 spiny frogs
  3 rime drakes
  4 komodo dragons
  A kobold demonologist (D:13)
  A hellwing (Orc:2)
  A queen bee (Lair:2)
  2 red devils (Orc:2)
  6 trolls
  2 polar bears
  Prince Ribbit (D:9)
  A merfolk (D:9)
  8 tyrant leeches
  26 blink frogs
  A meliai zombie (D:15)
  6 slime creatures
  4 dream sheep (Lair:6)
  5 hippogriffs
  5 shadows
  A wraith (D:14)
  A wyvern (D:8)
  Grum (D:8)
  39 yaks
  A chaos spawn (Orc:2)
  A fire elemental (Lair:4)
  A steam dragon (D:10)
  3 basilisks
  2 wargs
  6 swamp worms
  A soldier ant (D:13)
  6 vampire mosquitoes
  8 water moccasins
  2 floating eyes (D:9)
  A hornet zombie (D:6)
  8 porcupines
  3 sky beasts
  3 ice beasts
  35 orc warriors
  An eye of draining (D:8)
  3 black bears
  A necrophage (D:10)
  2 phantoms
  13 ogres
  15 centaurs
  8 wolves
  8 crocodiles
  A gnoll sergeant (Orc:1)
  The ghost of njord12 the Digger, an amateur GrEE (D:3)
  33 bullfrogs
  A wyvern skeleton (D:9)
  5 scorpions
  27 killer bees
  2 wights
  9 howler monkeys
  4 jellies
  2 electric eels
  8 crimson imps
  3 bullfrog zombies
  2 quasits
  3 hounds
  29 orc priests
  3 centaur skeletons
  A gnoll shaman (D:9)
  21 orc wizards
  Jessica (D:3)
  5 bullfrog skeletons
  5 iguanas
  12 worker ants
  A hound skeleton (D:6)
  A howler monkey zombie (D:8)
  2 worker ant zombies
  8 gnolls
  20 adders
  4 shadow imps
  3 oozes
  An adder zombie (D:9)
  3 adder skeletons
  A worm (D:2)
  2 dart slugs
  8 leopard geckos
  114 orcs
  3 giant cockroaches
  9 goblins
  8 hobgoblins
  10 jackals
  A quokka (D:9)
  5 ball pythons
  A ball python skeleton (D:6)
  9 bats
  4 frilled lizards
  A jackal skeleton (D:4)
  5 kobolds
  2 leopard gecko skeletons
  A quokka zombie (D:7)
  5 rats
  4 plants
766 creatures vanquished.

Vanquished Creatures (others)
  An orc warlord (Orc:1)
  A hydra (Lair:1)
  A two-headed ogre (D:9)
  2 orc high priests (Orc:2)
  A torturous demonspawn (Orc:2)
  An infernal demonspawn (Orc:2)
  3 orc knights
  A gelid demonspawn (Orc:2)
  An ugly thing (D:13)
  An orc sorcerer (Orc:2)
  A manticore (D:11)
  2 oklob plants (Lair:5)
  2 elephants (Lair:5)
  A black mamba (Lair:4)
  A gargoyle (D:11)
  A basilisk (Lair:5)
  A neqoxec (Orc:2)
  2 orc warriors
  An ogre (D:8)
  2 centaurs
  7 killer bees
  2 wights (D:9)
  22 fungi
  82 plants
  2 withered plants
142 creatures vanquished.

Grand Total: 908 creatures vanquished

Notes
Turn   | Place    | Note
-------+----------+-------------------------------------------
     0 | Abyss:1  | Erlindor the Vampire Abyssal Knight began the quest for the
                  | Orb.
     0 | Abyss:1  | Reached XP level 1. HP: 17/17 MP: 2/2
    27 | Abyss:1  | Found a corrupted altar of Lugonu.
    40 | Abyss:1  | Noticed a small abomination
    41 | Abyss:1  | Noticed a soul eater
    46 | D:1      | Escaped the Abyss
   137 | D:1      | Reached * piety under Lugonu
   381 | D:1      | Reached XP level 2. HP: 23/23 MP: 3/3
   917 | D:2      | Reached XP level 3. HP: 15/22 MP: 4/4
  1376 | D:2      | Reached ** piety under Lugonu
  1570 | D:2      | Reached XP level 4. HP: 30/30 MP: 5/5
  2034 | D:3      | Noticed Jessica
  2041 | D:3      | Killed Jessica
  2041 | D:3      | Reached XP level 5. HP: 35/35 MP: 7/7
  2096 | D:3      | Reached skill level 5 in Short Blades
  2509 | D:3      | Found a runed translucent door.
  2509 | D:3      | Noticed njord12's ghost (amateur GrEE)
  2543 | D:3      | Reached *** piety under Lugonu
  3172 | D:4      | Reached XP level 6. HP: 19/32 MP: 8/8
  4315 | D:4      | Reached XP level 7. HP: 40/40 MP: 9/9
  4454 | D:5      | Entered Level 5 of the Dungeon
  4662 | D:5      | Found an opulent altar of Gozag.
  4667 | D:5      | Found Gozag's Platinum Reserve.
  5875 | D:6      | Reached **** piety under Lugonu
  6022 | D:6      | Found Wennes's Distillery.
  6058 | D:6      | Reached XP level 8. HP: 15/57 MP: 11/11
  6285 | D:6      | Bought a potion of lignification for 39 gold pieces
  6287 | D:6      | Found Jitankesch's Distillery.
  6290 | D:6      | Bought a potion of heal wounds for 65 gold pieces
  6290 | D:6      | Bought a potion of heal wounds for 65 gold pieces
  6340 | D:6      | Found Kufey's Antique Weapon Emporium.
  6345 | D:6      | Bought a glowing dagger for 155 gold pieces
  6798 | D:6      | Found a staircase to the Ecumenical Temple.
  6834 | D:6      | Reached skill level 5 in Invocations
  6844 | D:6      | Found Jeifratz's Antique Armour Shop.
  7015 | D:6      | Found Jaguqona's Distillery.
  7018 | D:6      | Bought a potion of heal wounds for 50 gold pieces
  7124 | D:6      | Found a blossoming altar of Fedhas.
  8143 | D:6      | Reached skill level 10 in Short Blades
  8702 | D:7      | Reached XP level 9. HP: 56/62 MP: 13/13
  9372 | D:7      | Found a runed translucent door.
  9372 | D:7      | Noticed btv's ghost (novice HOFi)
  9640 | D:8      | Noticed Psyche
  9641 | D:8      | Banished Psyche
  9784 | D:8      | Reached skill level 3 in Fighting
 10226 | D:8      | Reached skill level 1 in Evocations
 10441 | D:8      | Noticed Grum
 10665 | D:8      | Noticed Gastronok
 10878 | D:8      | Reached skill level 4 in Fighting
 11227 | D:8      | Reached skill level 5 in Fighting
 11871 | D:3      | Killed njord12's ghost
 12203 | D:9      | You fall into a shaft and drop 2 floors!
 12212 | D:11     | Noticed a manticore
 12214 | D:11     | Noticed a gargoyle
 12268 | D:11     | Noticed Snorg
 12271 | D:11     | Banished Snorg
 12271 | D:11     | Reached XP level 10. HP: 76/76 MP: 16/16
 12368 | D:11     | Reached skill level 6 in Fighting
 12563 | D:11     | Noticed Urug
 12568 | D:11     | Banished Urug
 12659 | D:10     | Entered Level 10 of the Dungeon
 12895 | D:9      | Noticed a two-headed ogre
 12925 | D:9      | Banished a two-headed ogre
 12925 | D:9      | Reached skill level 7 in Fighting
 12976 | D:9      | Noticed Prince Ribbit
 13000 | D:9      | Killed Prince Ribbit
 13098 | D:9      | Found a staircase to the Orcish Mines.
 13362 | D:9      | Paralysed by a floating eye for 4 turns
 13386 | D:8      | Reached skill level 8 in Fighting
 13726 | D:9      | Noticed a two-headed ogre
 14087 | D:8      | Killed Grum
 14265 | D:8      | HP: 4/82 [Gastronok/the air (27)]
 15038 | D:9      | Reached XP level 11. HP: 70/87 MP: 17/17
 15294 | D:10     | Reached skill level 9 in Fighting
 15400 | D:10     | Found a staircase to the Lair.
 16934 | D:10     | Reached skill level 10 in Fighting
 17614 | D:11     | Noticed Erolcha
 17619 | D:11     | Killed Erolcha
 18360 | Lair:1   | Entered Level 1 of the Lair of Beasts
 18421 | D:10     | Reached skill level 11 in Fighting
 19843 | Lair:1   | Noticed a four-headed hydra
 20057 | D:12     | Reached XP level 12. HP: 89/102 MP: 18/18
 20181 | D:12     | Got a slimy plate armour
 20188 | D:12     | Identified the +4 plate armour "Lirgholia" {Str+7 Dex-2}
                  | (You found it on level 12 of the Dungeon)
 20380 | D:12     | Reached skill level 12 in Fighting
 20380 | D:12     | Reached skill level 1 in Shields
 20680 | D:12     | Reached skill level 5 in Dodging
 20883 | D:12     | You fall into a shaft and drop 1 floor!
 20883 | D:13     | Found a gate to the Vaults.
 20883 | D:13     | Noticed a vault guard
 20883 | D:13     | Noticed a vault guard
 20883 | D:13     | Noticed a vault guard
 20883 | D:13     | Noticed a vault guard
 20883 | D:13     | Noticed a vault guard
 20883 | D:13     | Noticed a vault guard
 20884 | D:13     | Noticed a vault guard
 20884 | D:13     | Noticed a vault guard
 21102 | Lair:1   | Banished a four-headed hydra
 23119 | Lair:2   | Reached skill level 5 in Shields
 23580 | Lair:3   | Found a runed translucent gate.
 23627 | Lair:3   | Got a scorched scimitar
 23628 | Lair:3   | Identified the +12 scimitar of Floods {holy, rPois Dex+4}
                  | (You found it on level 3 of the Lair of Beasts)
 23876 | Lair:3   | Found a runed translucent gate.
 23876 | Lair:3   | Found a runed translucent gate.
 23931 | Lair:3   | Noticed a nine-headed hydra
 23931 | Lair:3   | Noticed Dyst's ghost (journeyman GrFi)
 23931 | Lair:3   | Noticed a ten-headed hydra
 23984 | Lair:3   | Found a staircase to the Swamp.
 24139 | Lair:3   | Found a runed translucent door.
 24141 | Lair:3   | Noticed a four-headed hydra
 24721 | Lair:4   | Found a staircase to the Snake Pit.
 25825 | Lair:4   | Reached XP level 13. HP: 107/108 MP: 19/19
 26642 | Lair:4   | Reached skill level 10 in Dodging
 27778 | Lair:6   | Entered Level 6 of the Lair of Beasts
 27908 | Lair:6   | Found a basalt altar of Yredelemnul.
 28217 | Lair:6   | Found a staircase to the Slime Pits.
 28896 | Lair:5   | Reached skill level 13 in Fighting
 29296 | Lair:6   | Reached ***** piety under Lugonu
 29617 | Lair:6   | Reached XP level 14. HP: 112/118 MP: 20/20
 30133 | Lair:6   | Identified the +7 chain mail of Resilience {rElec Dex+2}
                  | (You found it on level 6 of the Lair of Beasts)
 30949 | Orc:1    | Entered Level 1 of the Orcish Mines
 31041 | Orc:1    | Paralysed by an orc sorcerer for 6 turns
 32056 | Orc:1    | Reached skill level 14 in Fighting
 32095 | Orc:1    | Noticed an orc warlord
 32535 | Orc:2    | Entered Level 2 of the Orcish Mines
 32535 | Orc:2    | Found a staircase to the Elven Halls.
 32915 | Orc:1    | Banished an orc warlord
 33814 | Orc:2    | Reached ****** piety under Lugonu
 34152 | Orc:2    | Reached skill level 10 in Shields
 34656 | Orc:2    | Found Jinami's Magic Scroll Shop.
 34665 | Orc:2    | Found Zeppuowu's Distillery.
 36355 | Orc:2    | Reached skill level 15 in Fighting
 36601 | Orc:2    | Found Famu Bew's Gadget Emporium.
 36601 | Orc:2    | Found a one-way gate leading to the halls of Pandemonium.
 36601 | Orc:2    | Found Edyror's Antique Armour Shoppe.
 36605 | Orc:2    | Bought a pair of embroidered boots for 172 gold pieces
 36615 | Orc:2    | Identified a +1 pair of boots of running (You bought it in
                  | a shop on level 2 of the Orcish Mines)
 37965 | D:13     | Reached XP level 15. HP: 103/103 MP: 21/21
 40768 | D:14     | Found a shattered altar of Ashenzari.
 40934 | D:14     | Found Dithrol's Jewellery Emporium.
 41181 | D:14     | Found a glowing golden altar of the Shining One.
 41355 | D:15     | Entered Level 15 of the Dungeon
 41390 | D:14     | Reached skill level 16 in Fighting
 41661 | D:15     | Got a creamy pearl robe
 42466 | D:15     | Noticed Jorgrun
 42490 | D:15     | HP: 4/105 [Jorgrun/iron shot (24)]
 42514 | D:15     | Killed from afar by Jorgrun

Levels and vault maps discovered:
D:1:      lightli_arrival_statuegarden, layout_loops_ring
D:2:      layout_rooms
D:3:      layout_loops_corners, gammafunk_ghost_grave, uniq_jessica
D:4:      layout_basic, first_ration
D:5:      layout_gridville, nicolae_gozag_zags_fifth_avenue
D:6:      layout_loops_ring, fedhas_altar_4, minmay_temple_entry_poolview,
          serial_shops, nicolae_shop_behind_doors, nicolae_shop_stone, shop,
          shop, nicolae_shop_crystal, serial_glass, glass_columns_a,
          glass_columns_c, minmay_strange_pillars, due_unseen_surprise
D:7:      layout_cave_pools, gammafunk_ghost_grave
D:8:      minmay_chambers_of_fours, layout_gridville, uniq_psyche,
          uniq_gastronok, uniq_grum
D:9:      layout_roguey, orc_0_dummy, hangedman_fish_farm, onia_ninara_cookie,
          uniq_prince_ribbit1
D:10:     layout_rooms, lair_entry_dummy, serial_bayou_pond_c
D:11:     layout_loops_cross, gauntlet_entry_generic, serial_park_tiny_1,
          minmay_misc_feat_more_columns, uniq_erolcha, uniq_urug, uniq_snorg
D:12:     layout_basic
D:13:     layout_stronghold, erik_vaults_2, serial_shops, bzr_firewalk
D:14:     layout_loops_ring, basic_altar, serial_glass, glass_columns_b,
          glass_columns_a, item_on_display_a, item_on_display_a,
          due_unseen_surprise, item_on_display_a,
          nicolae_tso_swordbearing_angel, serial_shops, shop
D:15:     hangedman_depths_entry_try_elsewhere_first, layout_basic,
          serial_shops, shop, hex_tiny, uniq_jorgrun
Lair:1:   layout_cave_pods, minivault_25, columned_hall_lemuel
Lair:2:   layout_roguey [special_room_bee], worms_lemuel
Lair:3:   layout_loops_ring, minmay_swamp_entry_worms,
          gammafunk_ghost_hydra_chop, pf_torpor_hydra, lemuel_fruit_tree,
          infiniplex_staircase_pool
Lair:4:   layout_gridlike, minmay_snake_entry_six_corridors
Lair:5:   layout_misc_corridors, minmay_lair_oklob_chamber
Lair:6:   minmay_lair_end_frog_pond, layout_regular_city,
          nicolae_slime_entry_slimehenge, basic_altar
Orc:1:    layout_caves, sword_in_stone
Orc:2:    pf_orc_diabolical, layout_diamond_mine

Skill      XL: |  1  2  3  4  5  6  7  8  9 10 11 12 13 14 15 |
---------------+----------------------------------------------+-----
Short Blades   | 3 4 5 6 8 10 11 12 | 12.0
Invocations    | 2 3 4 6 8 9 |  9.0
Dodging        | 3 4 9 10 11 | 11.0
Fighting       | 5 8 11 12 13 15 16 | 16.3
Evocations     | 3 4 |  4.0
Shields        | 6 9 10 11 | 11.3
Armour         | |  0.7

Action                   |  1- 3 |  4- 6 |  7- 9 | 10-12 | 13-15 || total
-------------------------+-------+-------+-------+-------+-------++-------
Melee: Short sword       |   132 |   297 |   811 |  1472 |  2939 ||  5651
       Bite              |     4 |    28 |   109 |   233 |   510 ||   884
       Rapier            |       |       |    64 |   114 |       ||   178
Throw: Stone             |    29 |    25 |       |       |       ||    54
       Boomerang         |       |    42 |   107 |   128 |    74 ||   351
       Dart              |       |       |    23 |    15 |       ||    38
Invok: Depart the Abyss  |     1 |       |       |       |       ||     1
       Banish            |       |       |    10 |    16 |    25 ||    51
 Abil: Exsanguinate      |     1 |     1 |       |       |     1 ||     3
       Revivify          |     1 |     1 |       |       |       ||     2
Evoke: Wand              |       |       |     9 |     7 |     9 ||    25
  Use: Scroll            |       |     8 |     9 |    12 |    15 ||    44
       Potion            |       |     2 |     1 |     9 |     1 ||    13
 Stab: Sleeping          |       |       |     1 |       |       ||     1
       Distracted        |       |       |       |     1 |       ||     1
Armor: Scale mail        |    70 |    84 |   190 |       |       ||   344
       Leather armour    |       |     8 |    44 |       |     1 ||    53
       Ring mail         |       |       |    10 |   172 |       ||   182
       Plate armour      |       |       |       |   124 |   276 ||   400
       Chain mail        |       |       |       |       |   261 ||   261
Dodge: Dodged            |    69 |   119 |   409 |   469 |   415 ||  1481
Block: Buckler           |       |       |    95 |   120 |       ||   215
       Shield            |       |       |       |   187 |  1003 ||  1190

Table legend:
 A = Non-vault XP
 B = Vault XP
 C = Vault XP percentage of total XP
 D = Non-vault monster count
 E = Vault monster count
 F = Vault count percentage of total count
                 A         B        C        D         E       F
            +---------+---------+-------+---------+---------+-------
      Total |   83551 |   49824 |  37.4 |     585 |     216 |  27.0
            +---------+---------+-------+---------+---------+-------
        D:1 |      48 |       0 |   0.0 |      23 |       0 |   0.0
        D:2 |     105 |       0 |   0.0 |      19 |       0 |   0.0
        D:3 |     110 |     133 |  54.7 |      26 |       2 |   7.1
        D:4 |     508 |       0 |   0.0 |      32 |       0 |   0.0
        D:5 |     344 |       0 |   0.0 |      10 |       0 |   0.0
        D:6 |    1705 |       0 |   0.0 |      40 |       0 |   0.0
        D:7 |     410 |       0 |   0.0 |      19 |       0 |   0.0
        D:8 |    1146 |     929 |  44.8 |      22 |       8 |  26.7
        D:9 |    4251 |    3793 |  47.2 |      52 |      23 |  30.7
       D:10 |    4393 |       0 |   0.0 |      27 |       0 |   0.0
       D:11 |    3765 |    1961 |  34.2 |      35 |       3 |   7.9
       D:12 |    2786 |       0 |   0.0 |      14 |       0 |   0.0
       D:13 |    8646 |    7861 |  47.6 |      32 |       8 |  20.0
       D:14 |   11059 |       0 |   0.0 |      28 |       0 |   0.0
       D:15 |    7002 |       0 |   0.0 |      13 |       0 |   0.0
     Lair:1 |    4258 |     767 |  15.3 |      21 |       4 |  16.0
     Lair:2 |     786 |    3400 |  81.2 |       4 |      33 |  89.2
     Lair:3 |    2492 |     286 |  10.3 |      10 |       1 |   9.1
     Lair:4 |    4180 |    1081 |  20.5 |      19 |      13 |  40.6
     Lair:5 |    6249 |    3231 |  34.1 |      23 |      10 |  30.3
     Lair:6 |   11532 |   11447 |  49.8 |      33 |      47 |  58.8
      Orc:1 |    4542 |      97 |   2.1 |      40 |       1 |   2.4
      Orc:2 |    3234 |   14838 |  82.1 |      43 |      63 |  59.4
            +---------+---------+-------+---------+---------+-------
